Map: [ESL] Oceanborn

Players

Firefly

  • Race: Protoss Protoss
  • Spawn Location: 11:00

Oliveira - Winner!

  • Race: Terran Terran
  • Spawn Location: 5:00

Event: ESL SC2 Masters 2023 Winter (Regional)

VOD

Have the link to the VOD?

Description

Time

  • Played on: Nov. 12, 2023, 8:06 a.m.
  • Length: 10:45

All games in this series

Show
View Real Time Build Order
Export as new Build Order

Firefly Protoss 

Build Orders: 1 Gate Expand, Phoenix Opening 

Get SALT Encoding   

  12  0:00  Probe  
  13  0:12  Probe  
  14  0:17  Pylon  
  14  0:24  Probe  
  15  0:35  Gateway  
  15  0:36  Probe (Chrono Boost)  
  16  0:46  Assimilator, Probe (Chrono Boost)  
  17  0:51  Probe (Chrono Boost)  
  18  1:03  Probe  
  19  1:15  Probe  
  20  1:22  Cybernetics Core  
  22  1:31  Pylon  
  20  1:37  Nexus  
  20  1:40  Probe  
  21  1:52  Probe  
  21  1:54  Assimilator  
  21  1:55  Adept (Chrono Boost)  
  21  1:58  Warp Gate  
  23  2:04  Probe (Chrono Boost)  
  24  2:15  Probe (Chrono Boost)  
  25  2:18  Adept  
  25  2:20  Probe (Chrono Boost)  
  28  2:29  Gateway  
  28  2:31  Probe  
  29  2:41  Stargate  
  29  2:43  Probe (Chrono Boost)  
  30  2:51  Probe (Chrono Boost)  
  32  3:01  Probe (Chrono Boost)  
  32  3:02  Probe (Chrono Boost)  
  33  3:07  Probe x2 (Chrono Boost)  
  35  3:18  Probe  
  35  3:19  Probe  
  37  3:21  Nexus  
  37  3:27  Phoenix (Chrono Boost)  
  37  3:30  Probe  
  37  3:31  Probe  
  41  3:40  Pylon  
  41  3:42  Probe  
  41  3:46  Stalker x2  
  44  3:49  Probe  
  44  3:54  Probe  
  44  3:55  Shield Battery  
  46  4:02  Twilight Council  
  46  4:05  Forge  
  46  4:08  Probe  
  47  4:10  Probe  
  47  4:16  Pylon  
  48  4:18  Charge (Chrono Boost)  
  48  4:20  Probe  
  48  4:22  Probe  
  50  4:32  Protoss Ground Armor Level 1 (Chrono Boost), Probe  
  50  4:33  Probe  
  50  4:34  Sentry  
  50  4:37  Gateway x2  
  54  4:40  Probe  
  54  4:45  Probe  
  56  4:47  Gateway  
  56  4:48  Gateway  
  56  4:51  Sentry  
  58  4:56  Shield Battery  
  58  5:01  Stalker  
  58  5:04  Pylon  
  60  5:12  Shield Battery x2  
  60  5:17  Stalker  
  62  5:29  Stalker  
  64  5:37  Stalker x2  
  64  5:40  Pylon  
  64  5:42  Zealot x2  
  72  5:44  Gateway, Zealot  
  72  5:45  Gateway  
  74  5:50  Pylon  
  74  5:53  Zealot  
  76  5:59  Pylon  
  76  6:02  Zealot x4  
  72  6:08  Probe x2  
  72  6:09  Probe  
  67  6:12  Phoenix (Chrono Boost)  
  67  6:15  Zealot x2  
  67  6:16  Protoss Ground Weapons Level 1 (Chrono Boost)  
  73  6:20  Probe  
  73  6:21  Probe  
  73  6:24  Zealot  
  73  6:25  Pylon  
  77  6:26  Phoenix (Chrono Boost)  
  77  6:27  Zealot  
  77  6:29  Probe  
  80  6:36  Zealot x4  
  80  6:37  Blink (Chrono Boost)  
  80  6:39  Probe x2  
  90  6:41  Probe  
  90  6:44  Assimilator  
  91  6:51  Probe x2  
  91  6:52  Pylon  
  93  7:03  Stalker x2  
  93  7:04  Zealot x5  
  93  7:06  Pylon  
  107  7:16  Zealot  
  109  7:26  Zealot x7  
  109  7:28  Phoenix (Chrono Boost), Pylon  
  123  7:45  Zealot  
  123  7:49  Zealot x4  
  133  7:57  Pylon  
  133  7:59  Pylon  
  133  8:01  Pylon  
  133  8:03  Phoenix (Chrono Boost), Pylon  
  129  8:06  Zealot x4  
  129  8:10  Zealot x3  
  111  8:12  Zealot  
  83  8:26  Zealot x2, Phoenix (Chrono Boost)  
  83  8:27  Zealot x2  
  87  8:32  Zealot  
  91  8:37  Zealot x3  
  97  8:42  Pylon  
  97  8:46  Phoenix  
  99  8:51  Zealot x3  
  99  8:52  Zealot  
  99  8:54  Zealot  
  105  9:04  Zealot x3  
  81  9:15  Stalker x4  
  75  9:24  Zealot x3  
  75  9:25  Zealot  
  81  9:42  Zealot  
  81  9:45  Zealot x2  
  39  10:06  Pylon, Stalker x3  
  26  10:29  Stalker x3  
Show
View Real Time Build Order
Export as new Build Order

Oliveira Terran - Winner!

Build Orders: Cyclone Opening 

Get SALT Encoding   

  12  0:00  SCV  
  13  0:12  SCV  
  14  0:16  Supply Depot  
  14  0:24  SCV  
  15  0:38  SCV  
  15  0:40  Barracks  
  16  0:45  Refinery  
  16  0:50  SCV  
  17  1:02  SCV  
  18  1:14  SCV  
  19  1:27  Orbital Command, Marine  
  20  1:41  Command Center  
  20  1:45  Barracks Reactor  
  20  1:53  SCV  
  21  1:56  Supply Depot  
  21  2:05  SCV  
  21  2:08  Factory  
  22  2:17  SCV  
  22  2:18  Refinery  
  22  2:21  Marine x2  
  25  2:29  SCV  
  26  2:39  Marine x2  
  26  2:41  SCV  
  29  2:51  Cyclone  
  29  2:53  Starport  
  29  2:56  Orbital Command  
  29  2:58  SCV  
  32  3:01  Orbital Command, Marine  
  32  3:04  Marine  
  34  3:10  SCV  
  35  3:14  Barracks  
  35  3:19  Marine  
  36  3:22  SCV  
  36  3:24  Factory Tech Lab  
  36  3:27  SCV  
  38  3:29  Supply Depot  
  38  3:34  SCV  
  38  3:35  Starport Tech Lab  
  38  3:36  Marine  
  38  3:37  Marine  
  41  3:45  Siege Tank  
  41  3:46  SCV  
  45  3:48  SCV  
  45  3:51  Supply Depot  
  46  3:58  Marine, SCV  
  46  4:00  SCV  
  47  4:03  Viking  
  47  4:05  Marine  
  50  4:12  SCV  
  50  4:14  Marine  
  50  4:16  SCV  
  50  4:17  Siege Tank, Combat Shield  
  56  4:21  Supply Depot  
  56  4:22  Marine  
  57  4:24  Marine  
  57  4:31  SCV x2  
  59  4:32  Marine  
  59  4:37  Supply Depot  
  59  4:38  Medivac  
  62  4:42  Marine x2  
  62  4:43  SCV  
  62  4:44  Supply Depot, SCV  
  66  4:50  Marine  
  67  4:53  Engineering Bay  
  67  4:55  SCV  
  67  4:58  SCV  
  69  5:00  Siege Tank, Marine  
  69  5:02  Refinery  
  69  5:05  Marine  
  69  5:06  Supply Depot  
  74  5:08  Marine  
  74  5:12  Barracks, Starport Reactor  
  75  5:18  Marine  
  75  5:19  SCV  
  75  5:20  SCV  
  76  5:22  Marine  
  76  5:26  Marine  
  72  5:35  Marine  
  72  5:37  SCV  
  72  5:39  Stimpack  
  72  5:40  Marine, SCV  
  76  5:44  Barracks x2, Siege Tank, Marine  
  76  5:47  Refinery  
  76  5:48  Supply Depot  
  80  5:53  Marine  
  81  5:58  Marine  
  81  6:01  Marine  
  75  6:04  SCV  
  71  6:11  Marine  
  71  6:13  SCV  
  71  6:15  Terran Infantry Weapons Level 1  
  71  6:16  SCV, Marine  
  71  6:17  Siege Tank  
  78  6:18  Marine x2  
  78  6:19  Starport Reactor, Marine  
  78  6:24  Supply Depot  
  78  6:25  SCV  
  82  6:29  Marine  
  82  6:31  Marine x2  
  85  6:34  Marine  
  85  6:36  Marine x2, Supply Depot  
  85  6:37  Marine  
  89  6:45  Supply Depot  
  89  6:47  Marine  
  89  6:48  Marine  
  89  6:49  Marine  
  89  6:51  Siege Tank, Marine  
  89  6:52  Supply Depot  
  96  6:54  Marine  
  96  6:55  Medivac x2  
  96  6:56  Marine x2  
  96  7:00  Supply Depot  
  103  7:04  Marine  
  103  7:05  Missile Turret  
  103  7:06  Marine  
  103  7:07  Marine  
  106  7:09  Marine  
  106  7:12  Marine  
  106  7:13  Marine x2  
  110  7:20  Supply Depot  
  110  7:22  Marine  
  110  7:24  Marine x2  
  110  7:25  Siege Tank  
  110  7:27  Marine, Medivac x2  
  121  7:30  Marine  
  121  7:31  Marine  
  121  7:32  Marine  
  124  7:40  Marine  
  124  7:42  Marine  
  125  7:46  Marine x2  
  125  7:47  Marine  
  127  7:56  Marine x2  
  127  7:58  Marine  
  129  8:00  Marine  
  121  8:08  Marine  
  121  8:12  Marine  
  85  8:14  Marine  
  85  8:16  Marine  
  75  8:24  Medivac x2  
  75  8:26  Marine  
  77  8:28  Marine  
  77  8:32  Marine  
  77  8:34  Marine  
  79  8:37  Marine  
  79  8:41  Marine  
  81  8:42  Marine  
  81  8:47  Marine  
  84  8:51  Marine  
  84  8:57  Marine  
  83  9:06  Marine  
  83  9:08  Marine x2  
  83  9:09  Marine  
  70  9:10  Marine x2  
  64  9:17  Marine  
  63  9:24  Marine  
  63  9:26  Marine  
  63  9:30  Marine  
  65  9:33  Marine x2  
  65  9:34  Siege Tank  
  70  9:41  Marine  
  64  9:46  Marine x2  
  64  9:51  Marine  
  65  9:54  Marine  
  64  10:05  Medivac  
  64  10:06  Marine  
  66  10:10  Marine  
  66  10:12  SCV x2  
  68  10:16  Marine  
  65  10:25  Marine x2  
Tags
 
Add a new tag
Caveats
  • Supply blocks, unpowered buildings, or Contaminate may cause inaccurate times.
  • Supply counts are checked every 10 seconds.